 Dungeon Crawl Stone Soup version 0.29.1-14-g9c671dbff4 (webtiles) character file.

Game seed: 5661221463480816645

8218 112233 the Thaumaturge (level 11, 0/96 HPs)
             Began as a Deep Elf Fire Elementalist on Feb 14, 2023.
             Was an Elder of Sif Muna.
             Shot with an arrow by a centaur (9 damage)
             ... led by a centaur warrior
             ... on level 11 of the Dungeon.
             The game lasted 00:15:58 (13838 turns).

112233 the Thaumaturge (DEFE)                      Turns: 13838, Time: 00:15:59

Health: 0/96       AC: 25    Str:  5    XL:     11   Next: 7%
Magic:  3/27       EV:  2    Int: 31    God:    Sif Muna [****..]
Gold:   232        SH:  5    Dex: 15    Spells: 22/31 levels left

rFire   . . .      SeeInvis +   C - +4 rapier of Harmony {spect, rC+}
rCold   + . .      Faith    .   z - +0 buckler
rNeg    . . .      Spirit   .   (body armour currently unavailable)
rPois   +          Reflect  .   (helmet currently unavailable)
rElec   .          Harm     .   (cloak currently unavailable)
rCorr   .          Rampage  .   (gloves currently unavailable)
Will    +....      NoTele   +   (boots currently unavailable)
Stlth   ++........              (no amulet)
HPRegen 0.26/turn               y - ring of see invisible
MPRegen 0.20/turn               I - +6 ring of intelligence

@: tree-form
A: stationary, stasis, torment immunity, boosted hp, (iridescent scales 1),
(teleportitis 1)
a: Renounce Religion, Channel Magic, Forget Spell, Divine Exegesis


You were on level 11 of the Dungeon.
You worshipped Sif Muna.
Sif Muna was greatly pleased with you.
You were a tree.
You visited 1 branch of the dungeon, and saw 11 of its levels.

You collected 676 gold pieces.
You spent 444 gold pieces at shops.

Inventory:

Hand Weapons
 f - a +1 dagger
 C - the +4 rapier of Harmony (weapon) {spect, rC+}
   (You took it off an orc on level 5 of the Dungeon)

   When its wielder attacks, the weapon's spirit leaps out and strikes again.
   The spirit shares a part of any damage it takes with its wielder.
   rC:        It protects you from cold.
Missiles
 e - 3 javelins
Armour
 a - a +0 robe
 h - a +2 cloak (melded)
 q - a +1 helmet (melded)
 x - the +0 robe of Agytran (melded) {+Blink}
   (You bought it in a shop on level 2 of the Dungeon)

   +Blink:    It lets you blink.
 z - a +0 buckler (worn)
 H - a +0 pair of boots (melded)
 K - a +0 pair of gloves (melded)
Jewellery
 j - a ring of wizardry
 u - a +4 ring of evasion
 y - a ring of see invisible (left branch)
 A - a +6 ring of strength
 I - a +6 ring of intelligence (right branch)
 N - a ring of willpower
 P - a +6 ring of dexterity
Wands
 w - a wand of flame (33)
 L - a wand of polymorph (12)
Scrolls
 c - a scroll of magic mapping
 l - a scroll of enchant weapon
 v - 12 scrolls of identify
 E - a scroll of noise
 F - 2 scrolls of amnesia
 G - a scroll of immolation
 J - a scroll of enchant armour
Potions
 b - a potion of magic
 g - 2 potions of brilliance
 i - 2 potions of flight
 r - a potion of invisibility {unknown}
 s - 3 potions of degeneration {unknown}
 t - 3 potions of attraction {unknown}
 D - a potion of might


   Skills:
 + Level 5.7 Fighting
 + Level 8.9 Dodging
 - Level 2.9 Stealth
 - Level 5.0 Shields
 + Level 10.6 Spellcasting
 + Level 7.6 Conjurations
 + Level 8.3 Fire Magic


You had 22 spell levels left.
You knew the following spells:

 Your Spells              Type           Power      Damage    Failure   Level
a - Foxfire               Conj/Fire      100%       2x1d9     1%          1
b - Scorch                Fire           100%       2d10      1%          2
c - Flame Wave            Conj/Fire      60%        2d14      1%          4
d - Blink                 Tloc           32%        N/A       6%          2

Your spell library contained the following spells:

 Spells                   Type           Power      Damage    Failure   Level
 Conjure Flame            Conj/Fire      60%        6-21      1%          3
 Inner Flame              Hex/Fire       42%        N/A       1%          3
 Slow                     Hex            64%        N/A       4%          1
 Confusing Touch          Hex            16%        N/A       12%         3
 Lesser Beckoning         Tloc           16%        N/A       12%         3
 Ozocubu's Armour         Ice            16%        N/A       12%         3
 Vampiric Draining        Necr           16%        2d7       12%         3
 Manifold Assault         Tloc           16%        N/A       73%         5
 Metabolic Englaciation   Hex/Ice        8%         N/A       73%         5
 Simulacrum               Ice/Necr       8%         N/A       99%         6


Dungeon Overview and Level Annotations

Branches:
Dungeon (11/15)            Temple (0/1) D:7
   Lair: D:8-11         Orc: D:9-12

Altars:
Ashenzari
Elyvilon
Makhleb
Okawaru
Sif Muna
Xom
Yredelemnul
The Shining One

Shops:
D:2 **([!   D:4 !   D:6 [((*?   D:9 *=

Annotations:
D:3 1 runed translucent door, Pascal76's ghost, amateur MiBe
D:7 Duvessa
D:8 Erica
D:9 exclusion: downstairs
D:10 Josephine
D:11 exclusion: upstairs, Amaemon


Innate Abilities, Weirdness & Mutations

You are a tree.
Your roots penetrate the ground, keeping you stationary.
You cannot be teleported.
You are immune to unholy pain and torment.
Your maximum health is greatly increased.
Your equipment is partially melded.
((You are partially covered in iridescent scales. (AC +2)))
((You are occasionally teleported next to monsters.))


Message History

Amaemon's fire resistance burns away.
The centaur shoots an arrow.
The arrow hits you.
* * * LOW HITPOINT WARNING * * *
Amaemon says, "Need some antivenom?
Don't worry, you can trust me." Amaemon hits you but does no damage.
You block Amaemon's attack. x2
The orange demon stings you but does no damage.
The centaur shoots an arrow.
The arrow hits you but does no damage. Amaemon hits you but does no damage.
Amaemon barely misses you. Amaemon tail-slaps you.
* * * LOW HITPOINT WARNING * * *
The orange demon stings you but does no damage.
The centaur shoots an arrow.
The arrow hits you but does no damage.
Unknown command.
Casting: Scorch (safe; 1% risk of failure)
Confirm with . or Enter, or press ? or * to list all spells.
Casting: Flame Wave (mildly dangerous; 1% risk of failure)
Press: ? - help, Dir - look around, f - activate A wave of flame ripples out!
The flame wave engulfs Amaemon!
Amaemon is burned terribly!
Amaemon is lightly wounded. (Press . to intensify the flame waves.)
The orange demon no longer looks unusually toxic.
The centaur shoots an arrow.
The arrow hits you but does no damage.
Amaemon gestures at the orange demon while chanting.
The orange demon seems to grow toxic.
You block the orange demon's attack.
Unknown command.
Unknown command.
A wave of flame ripples out!
The flame wave engulfs Amaemon!
Amaemon is burned terribly!
Amaemon is moderately wounded.
The flame wave engulfs the orange demon.
The orange demon is burned terribly!
The orange demon is moderately wounded.
The centaur shoots an arrow.
The arrow hits you but does no damage.
Amaemon hits you with a +1 demon whip of venom.
* * * LOW HITPOINT WARNING * * *
You block Amaemon's attack. x2
The orange demon stings you but does no damage.
The centaur shoots an arrow.
The arrow hits you!
You die...

*,,,,,,,..........
********######.c##
#c.# #..# #.)#
#.)# #.)#
##############..#
#♣.......§.c....#*
#.64.....§........
#.........c.......
#.○...............
#☼†§..............
#°☼)..............
#.c...............
#.................
#.........,,,,,,,,


You could see Amaemon (combustible), an orange demon (curare, combustible) and a
centaur (inner flame).

Vanquished Creatures
  A centaur warrior (D:11)
  A two-headed ogre (D:9)
  An unseen horror (D:10)
  A troll (D:11)
  2 wraiths
  A vampire (D:11)
  9 yaks
  3 steam dragons
  Grum (D:8)
  Edmund (D:5)
  A water moccasin (D:5)
  4 orc warriors
  A sky beast (D:8)
  2 ice beasts (D:5)
  3 ogres
  3 wolves (D:7)
  2 centaurs
  2 kobold brigands
  7 bullfrogs
  2 necrophages (D:5)
  5 scorpions
  4 wights (D:8)
  Dowan (D:7)
  6 killer bees (D:9)
  An electric eel (D:9)
  A howler monkey (D:6)
  A centaur zombie (D:8)
  4 jellies
  2 quasits (D:5)
  4 orc priests
  2 hounds
  A gnoll bouda (D:8)
  Terence (D:2)
  2 iguanas
  8 orc wizards
  A killer bee zombie (D:8)
  12 gnolls
  8 adders
  4 shadow imps
  3 white imps (D:5)
  4 ufetubi
  2 worms
  4 dart slugs
  38 orcs
  9 ball pythons
  7 endoplasms
  3 giant cockroaches
  12 goblins
  5 hobgoblins
  7 quokkas
  8 bats
  2 frilled lizards
  19 kobolds
  8 rats
247 creatures vanquished.

Vanquished Creatures (collateral kills)
  A howler monkey (D:6)
  A hound (D:6)
  An orc priest (D:5)
  5 orcs
  2 foxfires (D:4)
10 creatures vanquished.

Vanquished Creatures (others)
  10 demonic plants (D:5)
  658 foxfires
  2 plants
  2 withered plants (D:3)
672 creatures vanquished.

Grand Total: 929 creatures vanquished

Notes
Turn   | Place    | Note
-------+----------+-------------------------------------------
     0 | D:1      | 112233 the Deep Elf Fire Elementalist began the quest for
                  | the Orb.
     0 | D:1      | Reached XP level 1. HP: 10/10 MP: 6/6
   226 | D:1      | Reached XP level 2. HP: 15/15 MP: 4/8
   229 | D:1      | Learned a level 2 spell: Scorch
   769 | D:2      | Found Waegazo's Antique Weapon Boutique.
   836 | D:2      | Found Doatz's Assorted Antiques.
   841 | D:2      | Bought a scroll labelled GANINI GOPOGHA for 25 gold pieces
   841 | D:2      | Bought a fizzy coppery potion for 22 gold pieces
  1144 | D:2      | Reached XP level 3. HP: 16/19 MP: 5/10
  1342 | D:2      | Found Viv Goel's Distillery.
  1393 | D:2      | Found Heloy's Antique Armour Shop.
  1531 | D:2      | Noticed Terence
  1546 | D:2      | Killed Terence
  1547 | D:2      | Reached skill level 4 in Spellcasting
  1614 | D:2      | Found Esuma's Assorted Antiques.
  1970 | D:3      | Reached XP level 4. HP: 24/24 MP: 8/12
  2099 | D:3      | Reached skill level 5 in Spellcasting
  2506 | D:3      | Reached skill level 1 in Fighting
  2506 | D:3      | Reached XP level 5. HP: 29/29 MP: 10/14
  2631 | D:3      | Found a shimmering blue altar of Sif Muna.
  2675 | D:3      | Became a worshipper of Sif Muna the Loreminder
  3000 | D:3      | Learned a level 4 spell: Flame Wave
  3080 | D:3      | Found a faded altar of an unknown god.
  3259 | D:3      | Found a runed translucent door.
  3259 | D:3      | Noticed Pascal76's ghost (amateur MiBe)
  3552 | D:4      | Found an iron altar of Okawaru.
  3935 | D:2      | Bought a brightly glowing robe for 153 gold pieces
  3935 | D:2      | Identified the +0 robe of Agytran {+Blink} (You bought it
                  | in a shop on level 2 of the Dungeon)
  4036 | D:4      | Reached XP level 6. HP: 34/34 MP: 11/16
  4118 | D:4      | Found a broken altar of Ashenzari.
  4141 | D:4      | Found a white marble altar of Elyvilon.
  4198 | D:4      | Learned a level 2 spell: Blink
  4360 | D:4      | Found a glowing golden altar of the Shining One.
  4454 | D:4      | Found Etummed's Distillery.
  4556 | D:5      | Entered Level 5 of the Dungeon
  4625 | D:5      | Reached skill level 6 in Spellcasting
  4793 | D:5      | Reached skill level 1 in Shields
  4929 | D:5      | Identified the +4 rapier of Harmony {spect, rC+}
  4936 | D:5      | Reached XP level 7. HP: 19/40 MP: 12/18
  4939 | D:5      | Reached * piety under Sif Muna
  5414 | D:5      | Noticed Edmund
  5428 | D:5      | Killed Edmund
  5551 | D:5      | Reached skill level 5 in Dodging
  5843 | D:5      | Reached skill level 5 in Fire Magic
  5843 | D:5      | Reached XP level 8. HP: 45/45 MP: 13/20
  6139 | D:5      | Reached skill level 7 in Spellcasting
  6195 | D:6      | Found Neir's Weapon Shop.
  6879 | D:6      | Found Gyteus's Armour Emporium.
  6904 | D:6      | Reached ** piety under Sif Muna
  7086 | D:6      | Found Wuyl Veps's Weapon Shoppe.
  7091 | D:6      | Reached skill level 5 in Conjurations
  7332 | D:6      | Found Keigiujyl's General Store.
  7338 | D:6      | Bought 2 potions of heal wounds for 140 gold pieces
  7489 | D:6      | Found Rixusch's Magic Scroll Shop.
  7495 | D:6      | Bought a scroll of blinking for 82 gold pieces
  7495 | D:6      | Bought a scroll of identify for 22 gold pieces
  7850 | D:7      | Reached skill level 8 in Spellcasting
  7850 | D:7      | Reached XP level 9. HP: 51/51 MP: 15/23
  8245 | D:7      | Found a staircase to the Ecumenical Temple.
  8791 | D:7      | Noticed Duvessa
  8791 | D:7      | Noticed Dowan
  8801 | D:7      | Killed Dowan
  8845 | D:8      | Noticed Grum
  8993 | D:8      | Killed Grum
  9605 | D:8      | Noticed Erica
  9612 | D:8      | Reached skill level 9 in Spellcasting
  9976 | D:8      | Found a basalt altar of Yredelemnul.
 10252 | D:9      | Found Merizaid's Jewellery Shop.
 10265 | D:9      | Reached *** piety under Sif Muna
 10831 | D:9      | Found a shimmering altar of Xom.
 10831 | D:9      | Found a shimmering altar of Xom.
 10832 | D:9      | Found a shimmering altar of Xom.
 10833 | D:9      | Found a shimmering altar of Xom.
 10861 | D:9      | Found Xackunif's Island Escapes.
 10888 | D:9      | Found a shimmering altar of Xom.
 11022 | D:9      | Reached XP level 10. HP: 58/58 MP: 16/25
 11400 | D:9      | Found a burning altar of Makhleb.
 11580 | D:9      | Noticed a two-headed ogre
 11619 | D:9      | Killed a two-headed ogre
 11620 | D:9      | Reached skill level 5 in Fighting
 11738 | D:10     | Entered Level 10 of the Dungeon
 12492 | D:10     | Noticed a gargoyle
 12656 | D:9      | Reached skill level 10 in Spellcasting
 13196 | D:10     | Noticed Josephine
 13602 | D:11     | Reached skill level 5 in Shields
 13789 | D:11     | Noticed Amaemon
 13791 | D:11     | Noticed a centaur warrior
 13792 | D:11     | Gained mutation: You are occasionally teleported next to
                  | monsters. [potion of mutation]
 13792 | D:11     | Gained mutation: You are partially covered in iridescent
                  | scales. (AC +2) [potion of mutation]
 13794 | D:11     | Noticed an orange demon
 13825 | D:11     | Reached **** piety under Sif Muna
 13826 | D:11     | Killed a centaur warrior
 13827 | D:11     | Reached XP level 11. HP: 40/64 MP: 14/27
 13838 | D:11     | Shot with an arrow by a centaur

Illustrated notes

Levels and vault maps discovered:
D:1:      scummos_arrival_checkerplants, layout_rooms
D:2:      layout_basic, serial_shops, nicolae_shop_behind_doors, shop_coins,
          nicolae_lakefront_shop, shop, nicolae_shop_hallway_plus,
          serial_bayou_ford_a, uniq_terence
D:3:      cheibrodos_helix_gallery, layout_basic, mainiacjoe_overflow_24_doors,
          gammafunk_ghost_grave, ebering_ecumenical_altar_rust,
          minmay_fractal_squares_diagonal_5
D:4:      layout_rooms, tso_oasis_becter, nicolae_elyvilon_peaceful_grove,
          ashenzari_altar_1, nicolae_overflow_hidden_temple, serial_shops,
          nicolae_lakefront_shop
D:5:      layout_basic, serial_demonic, serial_demonic_a, serial_demonic_g,
          serial_demonic_c, serial_demonic_f, serial_demonic_g,
          serial_demonic_e, st_stairs_11, abandoned_shop, uniq_edmund
D:6:      layout_rooms, serial_shops, nicolae_shop_statue_plus,
          nicolae_stop_n_shop_1, shop, nicolae_shop_competitors_out_of_business,
          nicolae_shop_crystal, nicolae_zen_rock_garden
D:7:      corexii_shack_village, layout_basic, minmay_temple_entry_large_hall,
          uniq_duvessa
D:8:      layout_rooms, lemuel_zombie_altar_yredelemnul, uniq_grum, uniq_erica
D:9:      layout_roguey, xom_redecorated, mainiacjoe_overflow_surrounded_room,
          serial_shops, nicolae_stop_n_shop_1, st_stairs_7,
          minmay_crystal_water, nicolae_island_escapes
D:10:     layout_irregular_city, lair_entry_dummy, serial_column_ruins,
          column_ruins_circle_medium, column_ruins_grid_1,
          column_ruins_corridor_straight, column_ruins_columns_water,
          uniq_josephine
D:11:     layout_long_grid, uniq_amaemon

Skill      XL: |  1  2  3  4  5  6  7  8  9 10 |
---------------+-------------------------------+-----
Spellcasting   | 4 5 6 8 9 10 | 10.6
Dodging        | 3 4 5 6 7 8 |  8.9
Fighting       | 1 2 3 4 5 |  5.7
Conjurations   | 2 3 4 5 6 7 |  7.6
Fire Magic     | 4 5 7 8 |  8.3
Shields        | 1 2 3 4 5 |  5.0
Stealth        | |  2.9

Action                   |  1- 3 |  4- 6 |  7- 9 | 10-12 || total
-------------------------+-------+-------+-------+-------++-------
Melee: Unarmed           |     6 |       |       |       ||     6
       Dagger            |       |     2 |       |       ||     2
       Rapier            |       |       |     4 |       ||     4
 Cast: Foxfire           |    75 |   136 |   102 |    77 ||   390
       Scorch            |    10 |    21 |   143 |    41 ||   215
       Flame Wave        |       |       |     3 |    14 ||    17
       Blink             |       |       |       |     3 ||     3
  Use: Potion            |     2 |       |     6 |    11 ||    19
       Scroll            |       |     1 |     5 |    13 ||    19
Armor: Robe              |     3 |     6 |    24 |    21 ||    54
       Skin              |       |       |    18 |    26 ||    44
Dodge: Dodged            |    10 |    27 |   191 |    78 ||   306
Block: Buckler           |       |       |       |    18 ||    18
